 Dungeon Crawl Stone Soup version 0.27-a0-1200-g94dc6ad4cf (webtiles) character file.

Game seed: 2822057283267682808

718 bande the Shield-Bearer (level 7, -1/44 HPs)
             Began as a Gargoyle Fighter on May 31, 2021.
             Splashed by a jelly's acid (7 damage)
             ... on level 5 of the Dungeon.
             The game lasted 00:08:55 (4430 turns).

bande the Shield-Bearer (Gargoyle Fighter)          Turns: 4430, Time: 00:08:57

Health: -1/44      AC:  9    Str: 25    XL:     7   Next: 70%
Magic:  7/7        EV:  9    Int:  9    God:
Gold:   278        SH: 10    Dex: 11    Spells: 5/6 levels left

rFire    . . .     SeeInvis .   a - +1 war axe
rCold    . . .     Faith    .   c - +0 kite shield
rNeg     + . .     Spirit   .   k - +0 plate armour
rPois    ∞         Reflect  .   t - +0 helmet
rElec    +         Harm     .   i - +0 cloak
rCorr    .         Rampage  .   (no gloves)
Will     .....                  (no boots)
Stlth    ..........             (no amulet)
HPRegen  0.14/turn              r - +6 ring of strength
MPRegen  0.10/turn              w - +4 ring of evasion

@: corroded
A: sickness immunity, AC +4, negative energy resistance 1, electricity
resistance, torment resistance 1, petrification resistance, iridescent scales 1,
evolution 1
a: no special abilities


You were on level 5 of the Dungeon.
You visited 2 branches of the dungeon, and saw 7 of its levels.

You collected 278 gold pieces.

Inventory:

Hand Weapons
 a - a +1 war axe (weapon)
 o - a +0 morningstar
Armour
 c - a +0 kite shield (worn)
 i - a +0 cloak (worn)
 k - a +0 plate armour (worn)
 t - a +0 helmet (worn)
Jewellery
 g - a ring of ice
 j - an amulet of the acrobat
 r - a +6 ring of strength (left hand)
 w - a +4 ring of evasion (right hand)
Wands
 b - a wand of mindburst (7)
Scrolls
 h - 3 scrolls of blinking
 p - a scroll of teleportation
 q - a scroll of amnesia
 s - 3 scrolls of magic mapping
Potions
 d - a potion of might
 e - 5 potions of curing {unknown}
 f - a potion of heal wounds
 l - a potion of flight {unknown}
 m - 2 potions of degeneration {unknown}
 n - a potion of berserk rage {unknown}
 u - a potion of mutation


   Skills:
 + Level 4.4 Fighting
 + Level 4.6 Axes
 + Level 4.9 Armour
 + Level 1.0 Dodging
 - Level 0.2 Stealth
 + Level 5.3 Shields
 * Level 0.2 Translocations
 * Level 2.0 Evocations


You had 5 spell levels left.
You knew the following spells:

 Your Spells              Type           Power      Damage    Failure   Level
a - Apportation           Tloc           0%         N/A       100%        1

Your spell library contained the following spells:

 Spells                   Type           Power      Damage    Failure   Level
 Animate Skeleton         Necr           0%         N/A       100%        1
 Corona                   Hex            0%         N/A       100%        1
 Foxfire                  Conj/Fire      0%         2x1d4     100%        1
 Sandblast                Erth           0%         2d4       100%        1
 Summon Small Mammal      Summ           0%         N/A       100%        1
 Passwall                 Tmut/Erth      0%         N/A       100%        2
 Conjure Flame            Conj/Fire      0%         6-21      100%        3
 Inner Flame              Hex/Fire       0%         N/A       100%        3
 Stone Arrow              Conj/Erth      0%         3d7       100%        3
 Petrify                  Tmut/Erth      0%         N/A       100%        4
 Sticky Flame             Conj/Fire      0%         2d3       100%        4
 Fireball                 Conj/Fire      0%         3d3       100%        5
 Lee's Rapid Deconstruct  Erth           0%         3d5*      100%        5


Dungeon Overview and Level Annotations

Branches:
Dungeon (6/15)             Temple (1/1) D:4

Altars:
Ashenzari
Cheibriados
Dithmenos
Elyvilon
Gozag
Hepliaklqana
Nemelex Xobeh
Qazlal
Ru
Sif Muna
Xom
Yredelemnul
Zin


Innate Abilities, Weirdness & Mutations

You are immune to sickness and miasma.
Your stone body is resilient. (AC +4)
You are immune to poison.
You resist negative energy. (rN+)
You are resistant to electric shocks. (rElec)
You are resistant to unholy torment.
You are immune to petrification.
You are partially covered in iridescent scales. (AC +2)
You evolve.


Message History

Your plate armour prevents you from hitting the orc.
The orc is severely wounded.
The orc hits you but does no damage.
You hit the orc.
You kill the orc!
You hit the jelly but do no damage.
Your hands burn!
The jelly barely misses you. You block the jelly's attack.
Your shield and plate armour prevent you from hitting the jelly.
You block the jelly's attack.
You slash the jelly! The acid corrodes you!
Your hands burn!
The jelly is moderately wounded.
The jelly jiggles.
The jelly hits you but does no damage. The jelly hits you.
The acid corrodes you!
You are splashed with acid.
You hit the jelly. The acid corrodes you!
Your hands burn!
The jelly is heavily wounded.
The jelly closely misses you.
You hit the jelly but do no damage.
Your hands burn!
The jelly is heavily wounded.
You block the jelly's attack. The jelly hits you.
You are splashed with acid!
You are too injured to fight recklessly!
You are too injured to fight recklessly!
You are too injured to fight recklessly!
You are too injured to fight recklessly!
You slash the jelly!
Your hands burn!
* * * LOW HITPOINT WARNING * * *
The jelly is heavily wounded.
You block the jelly's attack.
You slash the jelly!
Your hands burn!
* * * LOW HITPOINT WARNING * * *
The jelly is almost dead.
You block the jelly's attack. The jelly barely misses you.
The jelly jiggles.
You hit the jelly.
Your hands burn!
* * * LOW HITPOINT WARNING * * *
The jelly is almost dead.
The jelly hits you.
* * * LOW HITPOINT WARNING * * *
You are splashed with acid!
You die...

#.### ....#
...# #..# ..#
#.# #### #.#
.....
#J#####.....
#@).........
#.....#..
.###.....#
.........#
####.....#
####.## #.#
#.#
###########.#


You could see a jelly.

Vanquished Creatures
  A water moccasin (D:6)
  A sky beast (D:3)
  A black bear (D:6)
  A wyvern skeleton (D:5)
  A water moccasin skeleton (D:4)
  A wight (D:3)
  A hound (D:4)
  A jelly (D:4)
  An orc wizard (D:6)
  A hound zombie (D:5)
  A hound skeleton (D:2)
  6 adders
  A white imp (D:6)
  An ufetubus (D:5)
  An adder skeleton (D:4)
  3 worms
  A dart slug (D:3)
  12 orcs
  10 bats
  3 endoplasms
  3 giant cockroaches
  8 goblins
  10 hobgoblins
  5 jackals (D:3)
  3 quokkas
  5 ball pythons
  3 frilled lizards
  3 kobolds (D:2)
  3 rats
92 creatures vanquished.

Notes
Turn   | Place    | Note
-------+----------+-------------------------------------------
     0 | D:1      | bande the Gargoyle Fighter began the quest for the Orb.
     0 | D:1      | Reached XP level 1. HP: 14/14 MP: 1/1
   224 | D:1      | Reached XP level 2. HP: 19/19 MP: 2/2
   869 | D:2      | Reached XP level 3. HP: 20/23 MP: 3/3
  1622 | D:2      | Reached XP level 4. HP: 23/29 MP: 4/4
  1848 | D:3      | Found a faded altar of an unknown god.
  1924 | D:3      | Gained mutation: You evolve. [potion of mutation]
  1924 | D:3      | Gained mutation: You are partially covered in iridescent
                  | scales. (AC +2) [potion of mutation]
  1979 | D:3      | Found a shadowy altar of Dithmenos.
  2237 | D:3      | Noticed a sky beast
  2282 | D:3      | Killed a sky beast
  2283 | D:3      | Reached skill level 4 in Shields
  2283 | D:3      | Reached XP level 5. HP: 14/33 MP: 5/5
  2777 | D:3      | Reached XP level 6. HP: 38/38 MP: 6/6
  2902 | D:4      | You fall into a shaft and drop 2 floors!
  2902 | D:6      | Noticed a black bear
  2922 | D:6      | Killed a black bear
  3118 | D:6      | Reached skill level 1 in Dodging
  3118 | D:6      | Reached skill level 1 in Evocations
  3334 | D:5      | Entered Level 5 of the Dungeon
  3334 | D:5      | Noticed a water moccasin
  3348 | D:6      | Killed a water moccasin
  3349 | D:6      | Reached skill level 5 in Shields
  3349 | D:6      | Reached XP level 7. HP: 25/43 MP: 7/7
  3846 | D:4      | Learned a level 1 spell: Apportation
  4244 | D:4      | Found a staircase to the Ecumenical Temple.
  4254 | Temple   | Entered the Ecumenical Temple
  4430 | D:5      | Splashed by a jelly's acid

Illustrated notes

Levels and vault maps discovered:
D:1:      shiori_shiawase, layout_loops_ring, minmay_misc_feat_more_columns
D:2:      layout_basic, corexii_leaking_fountain
D:3:      layout_basic, grunt_dithmenos_smoke_and_mirrors,
          ebering_ecumenical_altar_sacrificial, minmay_divided_ellipse
D:4:      layout_basic, minmay_temple_entry_nine_rooms
D:5:      layout_basic, item_on_display_a
D:6:      layout_basic, corexii_checkpoint_a
Temple:   nicolae_temple_no_exploring_needed

Skill      XL: |  1  2  3  4  5  6  7 |
---------------+----------------------+-----
Axes           | 2 3 4 |  4.6
Armour         | 4 |  4.9
Shields        | 4 5 |  5.3
Fighting       | 4 |  4.4
Dodging        | 1 |  1.0
Evocations     | 1 2 |  2.0
Stealth        | |  0.2
Translocations | |  0.2

Action                   |  1- 3 |  4- 6 |  7- 9 || total
-------------------------+-------+-------+-------++-------
Melee: War axe           |   102 |   163 |    93 ||   358
  Use: Scroll            |       |     6 |     4 ||    10
       Potion            |       |     1 |       ||     1
Armor: Scale mail        |    63 |       |       ||    63
       Plate armour      |    13 |   168 |    64 ||   245
Dodge: Dodged            |    27 |    30 |    29 ||    86
Block: Kite shield       |    63 |   115 |    73 ||   251

Table legend: (Time is in decaauts)
 A = Elapsed time spent in this place.
 B = Non-inter-level travel time spent in this place.
 C = Inter-level travel time spent in this place.
 D = Time resting spent in this place.
 E = Time spent auto-exploring this place.
 F = Levels seen in this place.
 G = Mean time per level.
                   A        B        C        D        E       F      G
               +--------+--------+--------+--------+--------+-----+--------+
         Total |   4635 |   4635 |      0 |    603 |   2887 |   7 |  662.1 |
       Dungeon |   4633 |   4633 |      0 |    603 |   2887 |   6 |  772.2 |
        Temple |      1 |      1 |      0 |      0 |      0 |   1 |    1.0 |
               +--------+--------+--------+--------+--------+-----+--------+

Top non-repeatable levels by time:
     D:2: 1184 daAuts
     D:3: 1020 daAuts
     D:4: 801 daAuts
     D:1: 713 daAuts
     D:6: 595 daAuts
     D:5: 317 daAuts
  Temple: 1 daAuts
